 Dungeon Crawl Stone Soup version 0.28-a0-1429-gf3d713df7a (webtiles) character file.

Game seed: 17786024926442466298

78 Deminshera the Sneak (level 4, 0/24 HPs)
             Began as a Vampire Enchanter on Jan 8, 2022.
             Slain by a hobgoblin (3 damage)
             ... on level 3 of the Dungeon.
             The game lasted 00:03:49 (3394 turns).

Deminshera the Sneak (Vampire Enchanter)            Turns: 3394, Time: 00:03:49

Health: 0/24       AC:  3    Str:  7    XL:     4   Next: 15%
Magic:  4/7        EV: 12    Int: 19    God:
Gold:   100        SH:  0    Dex: 14    Spells: 3/8 levels left

rFire   . . .      SeeInvis +   a - +1 dagger
rCold   + + .      Faith    .   (no shield)
rNeg    + + +      Spirit   .   b - +0 robe
rPois   ∞          Reflect  .   (no helmet)
rElec   .          Harm     .   l - +0 cloak
rCorr   .          Rampage  .   (no gloves)
Will    .....                   (no boots)
Stlth   +++++.....              (no amulet)
HPRegen 0.00/turn               (no ring)
MPRegen 0.10/turn               (no ring)

@: bloodless, inhibited regen
A: bloodless, fangs 3, see invisible, vampiric 2
a: Bat Form, Revivify


You were on level 3 of the Dungeon.
You visited 1 branch of the dungeon, and saw 3 of its levels.

You collected 100 gold pieces.

Inventory:

Hand Weapons
 a - a +1 dagger (weapon)
Missiles
 k - a throwing net (quivered)
Armour
 b - a +0 robe (worn)
 l - a +0 cloak (worn)
Jewellery
 j - a ring of fire
 o - a ring of poison resistance
Scrolls
 d - 6 scrolls of identify {unknown}
 f - a scroll of noise {unknown}
 g - a scroll of vulnerability {unknown}
 h - a scroll of magic mapping {unknown}
 i - a scroll of silence {unknown}
 m - a scroll of teleportation {unknown}
 p - a scroll of enchant weapon {unknown}
Potions
 c - 2 potions of invisibility
 e - a potion of lignification {unknown}
 n - a potion of flight {unknown}
 q - a potion of degeneration {unknown}


   Skills:
 - Level 2.0 Short Blades
 - Level 2.1 Dodging
 + Level 5.4 Stealth
 + Level 2.6 Spellcasting
 + Level 5.2 Hexes
 + Level 1.1 Ice Magic


You had 3 spell levels left.
You knew the following spells:

 Your Spells              Type           Power      Damage    Failure   Level
a - Ensorcelled Hibernat  Hex/Ice        28%        N/A       6%          2
b - Confusing Touch       Hex            22%        N/A       5%          3

Your spell library contained the following spells:

 Spells                   Type           Power      Damage    Failure   Level
 Tukima's Dance           Hex            22%        N/A       5%          3
 Dazzling Flash           Conj/Hex       24%        N/A       16%         3


Dungeon Overview and Level Annotations

Branches:
Dungeon (3/15)

Altars:
Nemelex Xobeh


Innate Abilities, Weirdness & Mutations

You do not regenerate when monsters are visible.
You are frail without blood (-20% HP).
You can heal yourself when you bite living creatures.
You are immune to poison.
You have razor-sharp teeth.
You have supernaturally acute eyesight. (SInv)
You are afflicted with vampirism and can become a bat while bloodless.


Message History

You kill the hobgoblin!
The hobgoblin misses you.
The goblin shoots a stone.
The stone hits you.
You hit the hobgoblin but do no damage.
The goblin shoots a stone.
The stone hits you. The hobgoblin hits you with a +0 club.
The goblin shoots a stone.
The stone barely misses you.
You are too injured to fight recklessly!
You are too injured to fight recklessly!
You are too injured to fight recklessly!
You are too injured to fight recklessly!
You are too injured to fight recklessly!
You are too injured to fight recklessly!
You are too injured to fight recklessly!
You are too injured to fight recklessly!
You are too injured to fight recklessly!
You are too injured to fight recklessly!
You are too injured to fight recklessly!
You are too injured to fight recklessly!
You are too injured to fight recklessly!
You are too injured to fight recklessly!
You are too injured to fight recklessly!
The goblin shoots a stone.
The stone barely misses you.
The goblin shoots a stone.
The stone hits you.
* * * LOW HITPOINT WARNING * * *
You see here an adder skeleton.
The goblin shoots a stone.
The stone hits you.
* * * LOW HITPOINT WARNING * * *
Casting: Ensorcelled Hibernation (safe; 6% risk of failure)
Confirm with . or Enter, or press ? or * to list all spells.
The spell is quite dangerous to miscast (5% risk of failure)!
Continue anyway? [Y]es or [N]o only, please.
The spell is quite dangerous to miscast (5% risk of failure)!
Continue anyway?
Okay, then.
Casting: Confusing Touch (quite dangerous; 5% risk of failure)
Confirm with . or Enter, or press ? or * to list all spells.
The spell is quite dangerous to miscast (5% risk of failure)!
Continue anyway?
Your hands begin to glow red.
The hobgoblin hits you with a +0 club.
* * * LOW HITPOINT WARNING * * *
You hit the hobgoblin but do no damage.
The hobgoblin appears confused.
The hobgoblin hits you with a +0 club.
You die...

≈≈≈≈≈≈≈≈≈≈≈≈≈)...≈≈≈≈≈≈≈≈≈≈≈≈≈≈≈≈
≈≈≈≈≈≈≈≈≈≈≈≈.....≈≈≈≈≈≈≈≈≈≈≈≈≈≈≈≈
≈≈≈≈≈≈≈≈≈≈≈≈≈....≈≈≈≈≈≈≈≈≈≈≈≈≈≈≈≈
≈≈.≈≈≈≈≈≈≈.≈≈)...≈≈≈...≈.≈.≈..≈≈.
.............g)..................
.................................
....................#..########.#
............gg#####.##.###...#...
...............g@..............>.
...##########..###....#.##...#...
......#....##..###....#.##...#...
......#....##...##....#.##...#..#
......#....##.#.##....#.##.....##
......#....##.#..##.###.##....##.
......#........#.##...........#..
.#.####........#..#...........##.
.#.####........##.#....†.......##


You could see a hobgoblin (confused) and 2 goblins.

Vanquished Creatures
  2 adders
  3 dart slugs
  5 orcs
  4 bats
  7 endoplasms
  2 giant cockroaches (D:3)
  9 hobgoblins
  4 ball pythons
  3 frilled lizards
  3 goblins
  A kobold (D:3)
  3 rats
46 creatures vanquished.

Notes
Turn   | Place    | Note
-------+----------+-------------------------------------------
     0 | D:1      | Deminshera the Vampire Enchanter began the quest for the
                  | Orb.
     0 | D:1      | Reached XP level 1. HP: 13/13 MP: 3/3
   194 | D:1      | Reached XP level 2. HP: 9/19 MP: 5/5
   865 | D:1      | Learned a level 2 spell: Ensorcelled Hibernation
  1512 | D:1      | Reached skill level 5 in Stealth
  1512 | D:1      | Gained mutation: You are afflicted with vampirism and can
                  | become a bat while bloodless. [Vampire growth]
  1512 | D:1      | Reached XP level 3. HP: 22/24 MP: 1/6
  1939 | D:2      | Reached skill level 5 in Hexes
  2353 | D:2      | HP: 1/24 [poisoned by an adder]
  3075 | D:3      | Found a faded altar of an unknown god.
  3136 | D:3      | Reached skill level 1 in Ice Magic
  3136 | D:3      | Reached XP level 4. HP: 24/24 MP: 7/7
  3148 | D:3      | Learned a level 3 spell: Confusing Touch
  3224 | D:3      | Found a sparkling altar of Nemelex Xobeh.
  3394 | D:3      | Slain by a hobgoblin

Illustrated notes

Levels and vault maps discovered:
D:1:      nicolae_arrival_washed_ashore, layout_basic, minmay_misc_feat_encased,
          minmay_octomino_c4
D:2:      layout_basic, minmay_misc_feat_tiny, minivault_24,
          chequers_serial_rivers_large_b
D:3:      minmay_goblin_kobold_castle, layout_basic, nemelex_spade_bored_becter,
          basic_ecumenical_altar

Skill      XL: |  1  2  3 |
---------------+----------+-----
Stealth        | 5 |  5.4
Hexes          | 5 |  5.2
Short Blades   | 2 |  2.0
Ice Magic      | 1 |  1.1
Dodging        | |  2.1
Spellcasting   | |  2.6

Action                   |  1- 3 |  4- 6 || total
-------------------------+-------+-------++-------
Melee: Dagger            |   117 |    23 ||   140
       Bite              |    10 |     1 ||    11
       Punch             |     1 |       ||     1
 Cast: Ensorcelled Hiber |    21 |     1 ||    22
       Confusing Touch   |       |     1 ||     1
 Abil: Exsanguinate      |     1 |       ||     1
  Use: Potion            |     1 |       ||     1
 Stab: Sleeping          |    23 |     1 ||    24
Armor: Robe              |    22 |     6 ||    28
Dodge: Dodged            |    76 |    15 ||    91

Table legend: (Time is in decaauts)
 A = Elapsed time spent in this place.
 B = Non-inter-level travel time spent in this place.
 C = Inter-level travel time spent in this place.
 D = Time resting spent in this place.
 E = Time spent auto-exploring this place.
 F = Levels seen in this place.
 G = Mean time per level.
                   A        B        C        D        E       F      G
               +--------+--------+--------+--------+--------+-----+--------+
         Total |   3414 |   3345 |     69 |   1409 |   1422 |   3 | 1138.0 |
       Dungeon |   3414 |   3345 |     69 |   1409 |   1422 |   3 | 1138.0 |
               +--------+--------+--------+--------+--------+-----+--------+

Top non-repeatable levels by time:
     D:1: 1737 daAuts
     D:2: 1001 daAuts
     D:3: 675 daAuts
